 Dungeon Sprint DCSS version 0.20-a0-555-gf6ae02d (webtiles) character file.

212 Gingerlord the Skirmisher (level 5, -6/47 HPs)
             Began as a Barachian Fighter on Feb 4, 2017.
             Was an Initiate of Makhleb.
             Mangled by a two-headed ogre
             ... wielding a +0 giant spiked club
              (10 damage)
             ... in the Dungeon (Sprint IX: "|||||||||||||||||||||||||||||").
             The game lasted 00:01:15 (273 turns).

Gingerlord the Skirmisher (Barachian Fighter)        Turns: 273, Time: 00:01:15

Health: -6/47      AC: 17    Str: 15    XL:     5   Next: 90%
Magic:  5/7        EV:  4    Int: 10    God:    Makhleb [......]
Gold:   0          SH:  9    Dex: 10    Spells: 4/4 levels left

rFire    . . .     SeeInvis .   p - +2 scimitar (flame)
rCold    . . .     Gourm    .   r - +0 plate armour
rNeg     . . .     Faith    .   c - +0 shield
rPois    .         Spirit   .   a - +0 helmet
rElec    .         Reflect  .   q - +0 cloak
rCorr    .         Harm     .   (no gloves)
MR       .....     NoTele   +   (no boots)
Stlth    ..........             (no amulet)
Regen    0.2/turn               t - +3 ring of intelligence
                                s - +2 ring of protection

@: slow
A: swims, slowness 1, strong legs 1
a: Hop, Renounce Religion


You were in the Dungeon.
You worshipped Makhleb.
Makhleb was noncommittal.
You were not hungry.

You visited 1 branch

Inventory:

Hand Weapons
 p - a +2 scimitar of flaming (weapon)
Armour
 a - a +0 helmet (worn)
 c - a +0 shield (worn)
 q - a +0 cloak (worn)
 r - a +0 plate armour (worn)
Jewellery
 s - a +2 ring of protection (left hand)
 t - a +3 ring of intelligence (right hand)
Wands
 o - a wand of acid (7/15)
Scrolls
 k - 2 scrolls of blinking
 m - 3 scrolls of remove curse
 n - 2 scrolls of amnesia
Potions
 d - a potion of might
 e - 5 potions of curing
 g - a potion of invisibility
 h - a potion of haste
 i - 4 potions of magic
 j - a potion of berserk rage
 l - 2 potions of heal wounds
Comestibles
 f - a bread ration


   Skills:
 + Level 6.4 Fighting
 + Level 5.8 Long Blades
 + Level 6.3 Armour
 + Level 4.9 Dodging
 + Level 5.7 Shields
 + Level 2.9 Invocations


You had 4 spell levels left.
You didn't know any spells.

Dungeon Overview and Level Annotations

Branches:
Dungeon (1/1)

Altars:
Cheibriados
Dithmenos
Elyvilon
Fedhas
Gozag
Hepliaklqana
Kikubaaqudgha
Makhleb
Nemelex Xobeh
Okawaru
Qazlal
Ru
Sif Muna
Trog
Uskayaw
Vehumet
Xom
Yredelemnul
Zin
The Shining One
Beogh
Jiyva
Lugonu


Innate Abilities, Weirdness & Mutations

You can swim through water.
You cover ground slowly.
You can hop short distances.


Message History

The ice beast is severely wounded.
You slash the ice beast!
You melt the ice beast.
You kill the ice beast!
Makhleb accepts your kill.
Your Fighting skill increases to level 6!
Your Armour skill increases to level 6!
Your Invocations skill increases to level 2!
You hit the two-headed ogre. You burn the two-headed ogre.
The two-headed ogre is lightly wounded.
The two-headed ogre completely misses you.
The two-headed ogre hits you with a giant club!
You slash the two-headed ogre! You burn the two-headed ogre.
The two-headed ogre is moderately wounded.
You block the two-headed ogre's attack. The two-headed ogre barely misses you.
You slash the two-headed ogre! You burn the two-headed ogre.
The two-headed ogre is heavily wounded.
The two-headed ogre hits you with a giant spiked club!!
* * * LOW HITPOINT WARNING * * *
The two-headed ogre hits you with a giant club!
You die... ▓▓▓▓▓▓▓▓▓▓▓▓▓▓▓▓▓▓▓▓▓▓▓▓ _____.'..|)....[@O.YT..+ ▓▓▓▓▓▓▓▓▓▓▓▓▓▓▓▓▓▓▓▓▓▓▓▓

You could see a two-headed ogre, a troll and an ice beast.

Vanquished Creatures
  An ice beast (D)
  A crimson imp (D)
  2 orc priests (D)
  An orc wizard (D)
  An orc (D)
  A goblin (D)
  3 hobgoblins (D)
  A quokka (D)
  A kobold (D)
12 creatures vanquished.

Notes
Turn   | Place    | Note
-------+----------+-------------------------------------------
     0 | D        | Gingerlord the Barachian Fighter began the quest for the Orb.
     0 | D        | Reached XP level 1. HP: 18/18 MP: 1/1
    14 | D        | Reached skill level 1 in Dodging
   114 | D        | Noticed an orc priest
   114 | D        | Noticed a crimson imp
   114 | D        | Noticed an orc priest
   115 | D        | Reached XP level 2. HP: 25/25 MP: 2/2
   119 | D        | Reached XP level 3. HP: 29/31 MP: 3/3
   128 | D        | Reached XP level 4. HP: 33/38 MP: 4/4
   157 | D        | Reached skill level 5 in Fighting
   157 | D        | Reached skill level 5 in Armour
   161 | D        | Found a roughly hewn altar of Beogh.
   161 | D        | Found a snail-covered altar of Cheibriados.
   161 | D        | Found a shadowy altar of Dithmenos.
   161 | D        | Found a white marble altar of Elyvilon.
   161 | D        | Found a blossoming altar of Fedhas.
   161 | D        | Found an opulent altar of Gozag.
   162 | D        | Found a hazy altar of Hepliaklqana.
   163 | D        | Found a viscous altar of Jiyva.
   164 | D        | Found an ancient bone altar of Kikubaaqudgha.
   165 | D        | Found a corrupted altar of Lugonu.
   166 | D        | Found a burning altar of Makhleb.
   167 | D        | Found a sparkling altar of Nemelex Xobeh.
   168 | D        | Found an iron altar of Okawaru.
   169 | D        | Found a stormy altar of Qazlal.
   170 | D        | Found a sacrificial altar of Ru.
   171 | D        | Found a deep blue altar of Sif Muna.
   172 | D        | Found a bloodstained altar of Trog.
   173 | D        | Found a hide-covered altar of Uskayaw.
   174 | D        | Found a radiant altar of Vehumet.
   175 | D        | Found a shimmering altar of Xom.
   176 | D        | Found a basalt altar of Yredelemnul.
   177 | D        | Found a glowing silver altar of Zin.
   178 | D        | Found a glowing golden altar of the Shining One.
   186 | D        | Became a worshipper of Makhleb the Destroyer
   245 | D        | Noticed an ice beast
   245 | D        | Noticed a two-headed ogre
   245 | D        | Noticed an ice beast
   245 | D        | Noticed a troll
   265 | D        | Reached skill level 5 in Long Blades
   265 | D        | Reached skill level 5 in Shields
   265 | D        | Reached skill level 1 in Invocations
   265 | D        | Reached XP level 5. HP: 34/46 MP: 5/5
   270 | D        | Killed an ice beast
   273 | D        | Mangled by a two-headed ogre

Vault maps used:
D:        linesprint

Skill      XL: |  1  2  3  4  5 |
---------------+----------------+-----
Dodging        | 1 2 3 4 |  4.9
Fighting       | 4 5 6 |  6.4
Long Blades    | 3 4 5 |  5.8
Armour         | 4 5 6 |  6.3
Shields        | 4 5 |  5.7
Invocations    | 1 2 |  2.9

Action                   |  1- 3 |  4- 6 || total
-------------------------+-------+-------++-------
Melee: Long sword        |    24 |    12 ||    36
       Scimitar          |       |    18 ||    18
  Use: Potion            |     1 |       ||     1
Armor: Scale mail        |    10 |     5 ||    15
       Plate armour      |       |    16 ||    16
Dodge: Dodged            |     7 |     5 ||    12
Block: Shield            |    12 |     7 ||    19
       Rpst.: Long sword |     3 |       ||     3
       Scimitar          |       |     1 ||     1
